 Dungeon Crawl Stone Soup version 0.30.0-3-ga4e48a9924 (webtiles) character file.

Game seed: 14525630910390537305

61565 Irreverend the Severer (level 14, -10/129 HPs)
             Began as a Minotaur Fighter on May 7, 2023.
             Was a High Priest of Okawaru.
             Mangled by a troll (16 damage)
             ... on level 1 of the Orcish Mines on May 8, 2023.
             The game lasted 00:45:47 (20191 turns).

Irreverend the Severer (Minotaur Fighter)          Turns: 20191, Time: 00:45:48

Health: -10/129    AC: 29    Str: 30    XL:     14   Next: 61%
Magic:  6/6        EV:  7    Int: 10    God:    Okawaru [*****.]
Gold:   1778       SH: 21    Dex: 19    Spells: 13/13 levels left

rFire   + . .        Z - +9 war axe "Impbane" {antimagic, Int+2 Dex+9}
rCold   x . .        P - +2 kite shield
rNeg    + . .        E - +0 plate armour
rPois   .            S - +3 hat of Okawaru's Indignation {Will- Str+4 Int+3}
rElec   .            J - +2 cloak
rCorr   .            a - +0 pair of gloves of Disappointment {+Blink rN+ Slay+5}
SInv    .            x - +0 pair of boots
Will    .....        i - amulet of reflection Stlth
                     f - +4 ring of protection
HPRegen 0.41/turn    V - ring of fire
MPRegen 0.10/turn

%: reflection
@: lethally poisoned (-10 -> -45), silenced
A: horns 2, retaliatory headbutt
a: Renounce Religion, Evoke Blink


You were on level 1 of the Orcish Mines.
You worshipped Okawaru.
Okawaru was extremely pleased with you.
You visited 4 branches of the dungeon, and saw 19 of its levels.

You collected 1778 gold pieces.

Inventory:

Hand Weapons
 D - a +2 war axe of flaming
 Z - the +9 war axe "Impbane" (weapon) {antimagic, Int+2 Dex+9}
   (Okawaru gifted it to you on level 5 of the Lair of Beasts)

   Int:       It affects your intelligence (+2).
   Dex:       It affects your dexterity (+9).
Missiles
 t - 5 throwing nets (quivered)
Armour
 a - the +0 pair of gloves of Disappointment (worn) {+Blink rN+ Slay+5}
   (Okawaru gifted it to you on level 5 of the Lair of Beasts)

   Slay:      It affects your accuracy & damage with ranged weapons and melee
   (+5).
   rN:        It protects you from negative energy.
   +Blink:    It lets you blink.
 x - a +0 pair of boots (worn)
 E - a +0 plate armour (worn)
 J - a +2 cloak (worn)
 P - a +2 kite shield (worn)
 S - the +3 hat of Okawaru's Indignation (worn) {Will- Str+4 Int+3}
   (Okawaru gifted it to you on level 3 of the Lair of Beasts)

   Str:       It affects your strength (+4).
   Int:       It affects your intelligence (+3).
   Will:      It decreases your willpower.
Jewellery
 c - a ring of flight
 f - a +4 ring of protection (left hand)
 i - an amulet of reflection (around neck)
 O - a ring of willpower
 Q - a +5 ring of evasion
 T - a ring of see invisible
 V - a ring of fire (right hand)
Wands
 h - a wand of paralysis (11)
 F - a wand of acid (15)
 M - a wand of mindburst (15)
 W - a wand of roots (16)
 Y - a wand of flame (8)
Scrolls
 m - 4 scrolls of vulnerability {unknown}
 o - a scroll of torment {unknown}
 p - 4 scrolls of fear
 q - a scroll of enchant weapon {unknown}
 r - 7 scrolls of teleportation
 v - 6 scrolls of magic mapping
 y - 2 scrolls of amnesia {unknown}
 B - 3 scrolls of poison {unknown}
 H - 3 scrolls of noise {unknown}
 I - 5 scrolls of blinking {unknown}
 L - a scroll of summoning {unknown}
 N - 4 scrolls of immolation {unknown}
 R - 3 scrolls of identify
Potions
 b - 2 potions of resistance {unknown}
 d - 5 potions of might
 e - a potion of degeneration
 g - 5 potions of heal wounds
 j - 5 potions of mutation
 k - 2 potions of attraction
 l - 3 potions of lignification
 n - 3 potions of haste
 s - 2 potions of magic
 u - 4 potions of brilliance
 w - 2 potions of flight
 z - 3 potions of invisibility
 C - 4 potions of curing
 K - 2 potions of ambrosia
 X - a potion of cancellation {unknown}
Miscellaneous
 A - a condenser vane
 U - a box of beasts


   Skills:
 + Level 13.4 Fighting
 * Level 18.1 Axes
 - Level 5.0 Throwing
 + Level 13.5 Armour
 + Level 13.4 Shields
 + Level 8.9 Invocations


You had 13 spell levels left.
You didn't know any spells.
Your spell library contained the following spells:

 Spells                   Type           Power      Damage    Failure   Level
 Beastly Appendage        Tmut           0%         N/A       97%         1
 Sandblast                Erth           0%         2d4       97%         1
 Static Discharge         Conj/Air       0%         2-2/arc   99%         2
 Wereblood                Tmut           0%         N/A       99%         2
 Dazzling Flash           Conj/Hex       0%         N/A       100%        3
 Inner Flame              Hex/Fire       0%         N/A       100%        3
 Spider Form              Tmut/Pois      0%         N/A       100%        3
 Volatile Blastmotes      Fire/Tloc      0%         2d10      100%        3
 Airstrike                Air            0%         2d(0-16)  100%        4
 Flame Wave               Conj/Fire      0%         2d4       100%        4
 Iskenderun's Mystic Bla  Conj/Tloc      0%         2d3       100%        4
 Sticky Flame             Conj/Fire      0%         2d3       100%        4
 Borgnjor's Vile Clutch   Necr/Erth      0%         N/A       100%        5
 Eringya's Noxious Bog    Tmut/Pois      0%         N/A       100%        6
 Starburst                Conj/Fire      0%         6d3       100%        6
 Statue Form              Tmut/Erth      0%         N/A       100%        6
 Orb of Destruction       Conj           0%         9d5       100%        7
 Summon Guardian Golem    Hex/Summ       Unusable   N/A       N/A         3
 Animate Armour           Summ/Erth      Unusable   N/A       N/A         4
 Summon Lightning Spire   Summ/Air       Unusable   N/A       N/A         4
 Summon Forest            Summ/Tloc      Unusable   N/A       N/A         5
 Spellforged Servitor     Conj/Summ      Unusable   N/A       N/A         7
 Summon Hydra             Summ           Unusable   N/A       N/A         7

Dungeon Overview and Level Annotations

Branches:
Dungeon (12/15)            Temple (1/1) D:6            Lair (5/5) D:8
  Swamp (0/4) Lair:2        Snake (0/4) Lair:2        Slime (0/5) Lair:5
    Orc (1/2) D:10

Altars:
Ashenzari
Dithmenos
Elyvilon
Fedhas
Gozag
Kikubaaqudgha
Makhleb
Okawaru
Trog
Vehumet
Wu Jian
Xom
Yredelemnul
Zin
Jiyva

Shops:
D:4 !   D:6 *   D:7 *(   D:11 [

Annotations:
D:10 3 runed translucent doors, Inkenn's ghost, journeyman GrFi
Orc:1 1 transporter, 1 runed translucent door


Innate Abilities, Weirdness & Mutations

You have a pair of horns on your head.
You reflexively headbutt those who attack you in melee.


Message History

You hit the troll.
The troll is lightly wounded.
The moth of wrath goads the troll on!
The troll goes berserk!
The troll bites you! You block the troll's attack. x2
You slash the troll!
The troll is lightly wounded.
The moth of wrath goads the cyclops on!
The cyclops goes berserk!
The troll bites you!!
The troll claws you but does no damage. x2
You closely miss the troll. You headbutt the troll!
The troll is moderately wounded.
You slice the cyclops!! You block the troll's attack.
The troll claws you but does no damage. You block the troll's attack.
The cyclops hits you but does no damage.
The cyclops attacks as you move away! You block the cyclops's attack.
You block the troll's attack.
The troll claws you but does no damage. x2
The troll bites you.
The troll claws you but does no damage. x2
There is a large open door here.
You slash the cyclops!
The cyclops is moderately wounded.
You hit the troll.
The moth of wrath goads the ettin on!
The ettin goes berserk!
You block the troll's attack. x3
The cyclops hits you but does no damage.
You slice the cyclops!!
The cyclops is severely wounded.
You slash the troll! The troll bites you but does no damage.
You block the troll's attack. x2
You slice the cyclops like a ripe choko!!!
You kill the cyclops!
Okawaru accepts your kill.
You closely miss the troll. The troll closely misses you.
You block the troll's attack. x2
You slice the ettin!!
The ettin is moderately wounded.
You hit the troll.
The ettin hits you with a +0 dire flail!!!
The ettin hits you with a +2 dire flail of venom!!!
* * * LOW HITPOINT WARNING * * *
You are lethally poisoned!
You block the troll's attack. The troll claws you!
You die...

##......# ##....... ####.....#
##........ ###
##.#......######...###..⌠. #y#
#............#y#...#y#$.... #####
.............###))### $$...##....
#...#.........##.=.###[$!..##....
....#........©##©÷!#W+_)?..##©...
##.#..........##...###:??..##....
.............###@C####$$...##....
.............#y#(T.#y#$... #####
.#........######...###..⌠ #y#
.....^>...# ##....... ###
.#.......## ##....... #
##.......# ####### ## .##......##


§#yoee #. ##........# ## ### #. #.........# #. You could see an ettin (berserk),
a deep elf demonologist, 3 moths of wrath, a silent spectre (silencing), a troll
(berserk) and an orc sorcerer.

Vanquished Creatures
  Kirke (Lair:4)
  2 dire elephants (Lair:5)
  An ice dragon (Lair:5)
  5 hydras
  2 catoblepae
  2 boulder beetles (Lair:3)
  Erica (D:8)
  4 two-headed ogres
  15 death yaks
  A fire crab (Lair:5)
  Nergalle (Lair:1)
  Amaemon (D:10)
  3 lindwurms (Lair:5)
  2 orc knights (Orc:1)
  An orc sorcerer (Orc:1)
  A wolf spider (Lair:3)
  A salamander (Lair:2)
  2 manticores (Lair:5)
  2 cyclopes
  Joseph (D:8)
  Maurice (D:9)
  7 elephants (Lair:5)
  6 black mambas
  6 torpor snails
  A gargoyle (D:11)
  An orange demon (D:10)
  6 cane toads
  3 rime drakes
  Psyche (D:8)
  Maggie (D:8)
  11 komodo dragons
  9 hornets
  3 trolls
  4 tyrant leeches (Lair:5)
  11 blink frogs
  12 dream sheep
  2 shadows
  18 yaks
  3 wyverns
  5 basilisks
  5 hogs (Lair:4)
  A steam dragon (D:8)
  Menkaure (D:7)
  3 wargs
  An acid dragon (D:10)
  15 water moccasins
  2 ice beasts
  4 orc warriors
  4 ogres
  A black bear (Lair:3)
  35 wolves
  10 centaurs
  2 phantoms
  3 kobold brigands
  12 bullfrogs
  2 scorpions (D:6)
  5 wights (D:6)
  13 killer bees
  4 howler monkeys
  4 crimson imps (D:9)
  2 lava snakes (Lair:2)
  3 jellies
  4 hounds
  5 orc priests
  Crazy Yiuf (D:7)
  3 iguanas
  A sleepcap (D:4)
  2 gnoll boudas
  13 orc wizards
  2 hell rats
  8 gnolls
  8 adders
  4 white imps
  An ufetubus (D:5)
  A worm (D:2)
  4 dart slugs
  29 orcs
  An endoplasm (D:1)
  3 giant cockroaches
  5 goblins
  5 hobgoblins
  8 jackals
  22 kobolds
  3 quokkas
  6 ball pythons
  3 bats
  4 frilled lizards
  5 rats
  A spectral orc (D:11)
444 creatures vanquished.

Vanquished Creatures (others)
  A lava snake (Lair:2)
  2 kobolds (D:8)
  24 fungi
  29 plants
56 creatures vanquished.

Grand Total: 500 creatures vanquished

Notes
Turn   | Place    | Note
-------+----------+-------------------------------------------
     0 | D:1      | Irreverend the Minotaur Fighter began the quest for the
                  | Orb.
     0 | D:1      | Reached XP level 1. HP: 19/19 MP: 0/0
   209 | D:1      | You fall into a shaft and drop 1 floor!
   315 | D:1      | Reached XP level 2. HP: 27/27 MP: 1/1
   561 | D:1      | Reached skill level 3 in Axes
   765 | D:2      | Reached XP level 3. HP: 24/33 MP: 2/2
  1464 | D:3      | Reached XP level 4. HP: 39/40 MP: 3/3
  1481 | D:3      | Found a white marble altar of Elyvilon.
  1579 | D:3      | Found a faded altar of an unknown god.
  1624 | D:3      | Reached skill level 4 in Axes
  1637 | D:3      | Reached XP level 5. HP: 27/47 MP: 4/4
  2424 | D:4      | Noticed a phantom
  2433 | D:4      | Killed a phantom
  2434 | D:4      | Reached skill level 5 in Axes
  2434 | D:4      | Reached XP level 6. HP: 55/55 MP: 5/5
  2570 | D:4      | Reached skill level 5 in Armour
  2570 | D:4      | Reached skill level 5 in Shields
  2571 | D:4      | Reached skill level 5 in Fighting
  3057 | D:4      | Found Ficonukk's Distillery.
  3464 | D:5      | Entered Level 5 of the Dungeon
  3493 | D:5      | Reached skill level 6 in Axes
  3493 | D:5      | Reached XP level 7. HP: 57/61 MP: 6/6
  3953 | D:5      | Reached skill level 7 in Axes
  4134 | D:5      | Reached XP level 8. HP: 34/70 MP: 7/7
  4631 | D:6      | Found a staircase to the Ecumenical Temple.
  4713 | Temple   | Entered the Ecumenical Temple
  4721 | Temple   | Became a worshipper of Warmaster Okawaru
  4841 | D:6      | Found Fegguos's Assorted Antiques.
  4855 | D:6      | Reached skill level 8 in Axes
  5192 | D:6      | Reached * piety under Okawaru
  5290 | D:6      | Found an opulent altar of Gozag.
  5291 | D:6      | Found a blossoming altar of Fedhas.
  5305 | D:6      | Reached skill level 9 in Axes
  5797 | D:7      | Found Xecoc's Weapon Shop.
  5804 | D:7      | Noticed Menkaure
  5807 | D:7      | Killed Menkaure
  5808 | D:7      | Reached XP level 9. HP: 79/79 MP: 8/8
  5880 | D:7      | Found Hehiwk's Mayhem Merchandise.
  5910 | D:7      | Found a runed translucent door.
  5911 | D:7      | Noticed Crazy Yiuf
  6392 | D:7      | Found a radiant altar of Vehumet.
  6393 | D:7      | Found an ornate altar of the Wu Jian Council.
  6416 | D:7      | Reached ** piety under Okawaru
  6685 | D:7      | Killed Crazy Yiuf
  6686 | D:7      | Reached skill level 10 in Axes
  6731 | D:8      | Noticed Joseph
  6763 | D:8      | Killed Joseph
  7041 | D:8      | Found a staircase to the Lair.
  7135 | D:8      | Noticed Psyche
  7236 | D:8      | Killed Psyche
  7237 | D:8      | Reached skill level 11 in Axes
  7606 | D:8      | Reached XP level 10. HP: 89/90 MP: 9/9
  7608 | D:8      | Noticed Maggie
  7628 | D:8      | Killed Maggie
  7628 | D:8      | Reached *** piety under Okawaru
  7799 | D:8      | Noticed Erica
  7813 | D:8      | Killed Erica
  8488 | D:9      | Noticed a two-headed ogre
  8505 | D:9      | Killed a two-headed ogre
  8506 | D:9      | Reached skill level 12 in Axes
  8506 | D:9      | Reached skill level 1 in Invocations
  8598 | D:9      | Reached **** piety under Okawaru
  8647 | D:9      | Noticed Maurice
  8836 | D:9      | Found a shimmering altar of Xom.
  9042 | D:9      | Received a gift from Okawaru
  9114 | D:9      | Paralysed by a hornet for 2 turns
  9125 | D:9      | Paralysed by a hornet for 2 turns
  9589 | D:9      | Killed Maurice
  9590 | D:9      | Reached XP level 11. HP: 63/99 MP: 10/12
  9710 | D:10     | Entered Level 10 of the Dungeon
  9899 | D:10     | Found a runed translucent gate.
  9900 | D:10     | Found a runed translucent gate.
  9900 | D:10     | Found a runed translucent gate.
 10021 | D:10     | Noticed Amaemon
 10036 | D:10     | Killed Amaemon
 10037 | D:10     | Reached skill level 13 in Axes
 10042 | D:10     | Reached skill level 10 in Shields
 10140 | D:10     | Noticed Inkenn's ghost (journeyman GrFi)
 10161 | D:10     | Reached skill level 10 in Armour
 10224 | D:10     | Found a staircase to the Orcish Mines.
 10579 | D:11     | Found a basalt altar of Yredelemnul.
 10621 | D:11     | Noticed a two-headed ogre
 10626 | D:11     | Killed a two-headed ogre
 10627 | D:11     | Reached skill level 10 in Fighting
 11032 | D:11     | Noticed a two-headed ogre
 11041 | D:11     | Killed a two-headed ogre
 11386 | D:11     | Found Baudo's Antique Armour Boutique.
 11551 | D:11     | Noticed a two-headed ogre
 11557 | D:11     | Killed a two-headed ogre
 11736 | Lair:1   | Entered Level 1 of the Lair of Beasts
 11778 | Lair:1   | Identified the +4 hand axe of Fee Simple {heavy, *Corrode
                  | rC+ Str+2 Int+4}
 11792 | Lair:1   | Noticed Nergalle
 11805 | Lair:1   | Killed Nergalle
 11935 | Lair:1   | Reached skill level 14 in Axes
 11937 | Lair:1   | Reached ***** piety under Okawaru
 11981 | Lair:1   | Reached skill level 5 in Invocations
 12022 | Lair:1   | Reached XP level 12. HP: 93/108 MP: 14/14
 12033 | Lair:1   | Reached skill level 1 in Throwing
 12048 | Lair:1   | Identified the scarf of Defence {harm, +Inv rN++} (Okawaru
                  | gifted it to you on level 1 of the Lair of Beasts)
 12048 | Lair:1   | Received a gift from Okawaru
 13131 | Lair:2   | Noticed a death yak
 13134 | Lair:2   | Noticed a death yak
 13136 | Lair:2   | Noticed a death yak
 13182 | Lair:2   | Killed a death yak
 13187 | Lair:2   | Killed a death yak
 13189 | Lair:2   | Killed a death yak
 13190 | Lair:2   | Reached skill level 15 in Axes
 13493 | Lair:2   | Found a staircase to the Swamp.
 13717 | Lair:2   | Found a staircase to the Snake Pit.
 14846 | Lair:3   | Noticed a death yak
 14848 | Lair:3   | Noticed a boulder beetle
 14850 | Lair:3   | Noticed a four-headed hydra
 14862 | Lair:3   | Killed a death yak
 14866 | Lair:3   | Killed a one-headed hydra
 14876 | Lair:3   | Reached XP level 13. HP: 73/117 MP: 16/16
 14877 | Lair:3   | Identified the +3 hat of Okawaru's Indignation {Will- Str+4
                  | Int+3} (Okawaru gifted it to you on level 3 of the Lair of
                  | Beasts)
 14877 | Lair:3   | Received a gift from Okawaru
 15198 | Lair:3   | Reached skill level 16 in Axes
 15733 | Lair:3   | Got the Writings on the Heavy Union
 16172 | Lair:4   | Reached skill level 5 in Throwing
 16426 | Lair:4   | Noticed Kirke
 16459 | Lair:4   | Killed Kirke
 17194 | Lair:5   | Entered Level 5 of the Lair of Beasts
 17386 | Lair:5   | Received a gift from Okawaru
 17418 | Lair:5   | Identified the +9 war axe "Impbane" {antimagic, Int+2
                  | Dex+9} (Okawaru gifted it to you on level 5 of the Lair of
                  | Beasts)
 17418 | Lair:5   | Received a gift from Okawaru
 17429 | Lair:5   | Reached skill level 17 in Axes
 17441 | Lair:5   | Noticed a dire elephant
 17455 | Lair:5   | Killed a dire elephant
 17644 | Lair:5   | Noticed a dire elephant
 17669 | Lair:5   | Killed a dire elephant
 17670 | Lair:5   | Reached XP level 14. HP: 56/127 MP: 13/19
 17891 | Lair:5   | Identified the +10 hand axe "Subbaq" {elec, Will+}
 18150 | Lair:5   | Identified the +0 pair of gloves of Disappointment {+Blink
                  | rN+ Slay+5} (Okawaru gifted it to you on level 5 of the
                  | Lair of Beasts)
 18150 | Lair:5   | Received a gift from Okawaru
 18652 | Lair:5   | Found a runed translucent door.
 18902 | Lair:5   | Paralysed by a hornet for 2 turns
 18909 | Lair:5   | Reached skill level 18 in Axes
 19123 | Lair:5   | Found a viscous altar of Jiyva.
 19123 | Lair:5   | Found a staircase to the Slime Pits.
 19606 | Orc:1    | Entered Level 1 of the Orcish Mines
 19663 | Orc:1    | Found a burning altar of Makhleb.
 19916 | Orc:1    | Found a transporter.
 20033 | Orc:1    | Found a transporter.
 20090 | Orc:1    | Found a bloodstained altar of Trog.
 20090 | Orc:1    | Found the +8 Wrath of Trog {antimagic, *Rage Rampage}
 20156 | Orc:1    | Found a runed translucent door.
 20191 | Orc:1    | HP: 6/129 [ettin/+0 dire flail (49)]
 20191 | Orc:1    | Mangled by a troll

Illustrated notes

Levels and vault maps discovered:
D:1:      minmay_arrival_stair_chambers, layout_loops_ring
D:2:      minmay_spotlight, layout_basic, grunt_ministairs_15
D:3:      layout_basic, elyvilon_altar_3, ebering_ecumenical_altar_ruins
D:4:      layout_gridville, serial_shops, nicolae_shop_waterfront
D:5:      layout_loops_corners, minmay_misc_feat_more_columns
D:6:      layout_loops_ring, mainiacjoe_overflow_large_starburst,
          minmay_temple_entry_poolview, serial_shops, shop,
          corexii_leaking_fountain
D:7:      layout_loops_cross, nicolae_overflow_squiral, serial_shops,
          nicolae_inconvenience_store, minmay_shop_mayhem, roderic_lattice_a,
          uniq_menkaure, uniq_crazy_yiuf_cottage
D:8:      nicolae_cairo_tiling_large, layout_cave_pools,
          erik_lair_orcish_takeover, hangedman_decor_points,
          hangedman_abyss_or_decor_clamps, uniq_erica, uniq_psyche, uniq_joseph,
          uniq_maggie
D:9:      layout_basic, led_xom_imps, chequers_serial_rivers_micro_d,
          uniq_maurice
D:10:     layout_loops_ring, nicolae_overflow_hidden_temple, orc_0_dummy,
          gammafunk_ghost_icy, uniq_amaemon
D:11:     layout_gridville, serial_shops, shop,
          yredelemnul_forgotten_temple_becter
D:12:     cheibrodos_tormentor_scu, layout_basic, enter_trove_1,
          nicolae_sif_muna_little_library
Temple:   eino_temple_lava
Lair:1:   layout_layer_cave, grunt_forest_large_clearings, uniq_nergalle
Lair:2:   layout_misc_corridors, swamp_mist, nicolae_snake_entry_warm_welcome,
          minivault_27, serial_bayou_shore_a
Lair:3:   nzn_winding_woodlands_large [nzn_winding_woodlands_5x5_perimeter,
          nzn_winding_woodlands_5x15_eye, nzn_winding_woodlands_5x5_closed_star,
          nzn_winding_woodlands_center_diamonds,
          nzn_winding_woodlands_15x15_thick_spiral,
          nzn_winding_woodlands_center_pierced_h,
          nzn_winding_woodlands_5x5_cross, nzn_winding_woodlands_5x15_twine,
          nzn_winding_woodlands_5x5_checkerboard], layout_regular_city,
          chequers_serial_rivers_small_b
Lair:4:   layout_regular_city, grunt_megastairs_2, uniq_kirke
Lair:5:   wormcave, layout_loops_ring, hangedman_lair_in_review,
          dpeg_slime_entry_enclosed, lightli_volcano_entry_magma_tube
Orc:1:    emtedronai_trogs_sanctum, layout_caves, basic_altar

Skill      XL: |  1  2  3  4  5  6  7  8  9 10 11 12 13 14 |
---------------+-------------------------------------------+-----
Axes           | 3 4 5 6 7 9 11 12 14 15 17 18 | 18.1
Fighting       | 4 5 6 7 8 9 10 11 12 13 | 13.4
Armour         | 4 5 6 7 8 9 10 11 12 13 | 13.5
Shields        | 4 5 6 7 8 9 10 11 12 13 | 13.4
Invocations    | 2 5 6 8 |  8.9
Throwing       | 3 5 |  5.0

Action                     |  1- 3 |  4- 6 |  7- 9 | 10-12 | 13-15 || total
---------------------------+-------+-------+-------+-------+-------++-------
  Melee: War axe           |    80 |   126 |   255 |   458 |   459 ||  1378
         Headbutt          |     7 |    18 |    48 |    98 |   137 ||   308
         Unarmed           |       |       |     4 |       |     1 ||     5
 Invoke: Heroism           |       |       |     1 |     6 |    10 ||    17
         Finesse           |       |       |       |     5 |     2 ||     7
  Evoke: Condenser vane    |       |       |       |     1 |       ||     1
    Use: Scroll            |       |       |    11 |     6 |       ||    17
         Potion            |       |       |       |       |     2 ||     2
 Armour: Scale mail        |    41 |    67 |    78 |       |       ||   186
         Plate armour      |       |       |     8 |   171 |   174 ||   353
  Dodge: Dodged            |    31 |    38 |    73 |   150 |    67 ||   359
  Block: Buckler           |    28 |    66 |   119 |   189 |       ||   402
         Reflection        |     2 |       |     9 |    27 |     7 ||    45
         Kite shield       |       |       |       |    98 |   333 ||   431
